| TOP OF THE 1ST |
|
Madison Brewers batting - Pitching for Houston Colt .45's : LHP Rich Miller
|
|
Pitching: LHP Rich Miller
|
|
|
Batting: RHB Malcolm McCauley
|
0-0: Called Strike 0-1: Foul Ball, location: 2F 0-2: Foul Ball, location: 2F 0-2: Ball 1-2: Foul Ball, location: 2F 1-2: Ball 2-2: Foul Ball, location: 2F 2-2: SOLO HOME RUN (Flyball, 7D, EV 98.8 MPH), Distance : 382 ft
|
|
Batting: RHB Cory Taylor
|
0-0: Ball 1-0: Ball 2-0: Foul Ball, location: 2F 2-1: SINGLE (Groundball, 34D, EV 102.5 MPH)
|
|
Batting: RHB Jelani Griffin
|
0-0: Ball 1-0: Ball 2-0: Ball 3-0: Called Strike 3-1: Foul Ball, location: 2F 3-2: Foul Ball, location: 2F 3-2: Ground out 1-3 (Groundball, 13S, EV 70.0 MPH) Cory Taylor to second
|
|
Batting: LHB Bill Kovac
|
0-0: Swinging Strike 0-1: Foul Ball, location: 2F 0-2: SINGLE (Groundball, 34D, EV 104.4 MPH) Cory Taylor to third Runner from 3rd tries for Home, throw by RF and OUT! 9-2
|
|
Batting: RHB Kelan Rae
|
0-0: Called Strike 0-1: Ball 1-1: Fly out, F6 (Line Drive, 6MD, EV 69.4 MPH)
|
| Top of the 1st over - 1 run, 3 hits, 0 errors, 1 left on base; Madison 1 - Houston 0 |
| BOTTOM OF THE 1ST |
|
Houston Colt .45's batting - Pitching for Madison Brewers : LHP Joel Congleton
|
|
Pitching: LHP Joel Congleton
|
|
|
Batting: RHB Luca Graves
|
0-0: Ball 1-0: Called Strike 1-1: Ball 2-1: Fly out, F4 (Popup, 4M, EV 55.0 MPH)
|
|
Batting: RHB Jonathan Rausch
|
0-0: Called Strike 0-1: Ground out 5-3 (Groundball, 5, EV 102.5 MPH)
|
|
Batting: RHB Ralph Baltimore
|
0-0: Ball 1-0: Ball 2-0: Called Strike 2-1: Foul Ball, location: 2F 2-2: Strikes out swinging
|
| Bottom of the 1st over - 0 runs, 0 hits, 0 errors, 0 left on base; Madison 1 - Houston 0 |
| TOP OF THE 2ND |
|
Madison Brewers batting - Pitching for Houston Colt .45's : LHP Rich Miller
|
|
Batting: RHB Dave Guevara
|
0-0: Ball 1-0: Fly out, F9 (Flyball, 9, EV 96.9 MPH)
|
|
Batting: LHB Andy Underwood
|
0-0: Ball 1-0: Ball 2-0: Foul Ball, location: 2F 2-1: Swinging Strike 2-2: Foul Ball, location: 2F 2-2: Ball 3-2: Strikes out swinging
|
|
Batting: LHB Ryan Cleveland
|
0-0: Ball 1-0: Fly out, F8 (Line Drive, 8RD, EV 90.0 MPH)
|
| Top of the 2nd over - 0 runs, 0 hits, 0 errors, 0 left on base; Madison 1 - Houston 0 |
| BOTTOM OF THE 2ND |
|
Houston Colt .45's batting - Pitching for Madison Brewers : LHP Joel Congleton
|
|
Batting: LHB Vecdi Hodensack
|
0-0: Foul Ball, location: 2F 0-1: Ball 1-1: Foul Ball, location: 2F 1-2: Ball 2-2: Fly out, F9 (Flyball, 9D, EV 90.6 MPH)
|
|
Batting: RHB Doug Dark
|
0-0: Ball 1-0: Ball 2-0: Fly out, F8 (Line Drive, 8RD, EV 91.2 MPH)
|
|
Batting: RHB David Snyder
|
0-0: Ball 1-0: Foul Ball, location: 2F 1-1: Foul Ball, location: 2F 1-2: Foul Ball, location: 2F 1-2: SINGLE (Groundball, 6MD, EV 99.4 MPH)
|
|
Batting: RHB Chris Jordan
|
0-0: Ball 1-0: Ball 2-0: Foul Ball, location: 2F 2-1: Swinging Strike 2-2: Foul Ball, location: 2F 2-2: Fielders Choice at 2nd, 6-4 (Groundball, 6, EV 85.6 MPH)
|
| Bottom of the 2nd over - 0 runs, 1 hit, 0 errors, 1 left on base; Madison 1 - Houston 0 |
| TOP OF THE 3RD |
|
Madison Brewers batting - Pitching for Houston Colt .45's : LHP Rich Miller
|
|
Batting: RHB Joe Schoonmaker
|
0-0: Swinging Strike 0-1: Ball 1-1: Swinging Strike 1-2: Ball 2-2: Foul Ball, location: 2F 2-2: Strikes out swinging
|
|
Batting: RHB Malcolm McCauley
|
0-0: Called Strike 0-1: Foul Ball, location: 2F 0-2: Ball 1-2: Ball 2-2: Ball 3-2: Fly out, F8 (Flyball, 8RS, EV 78.8 MPH)
|
|
Batting: RHB Cory Taylor
|
0-0: Ground out 6-3 (Groundball, 6S, EV 94.4 MPH)
|
| Top of the 3rd over - 0 runs, 0 hits, 0 errors, 0 left on base; Madison 1 - Houston 0 |
| BOTTOM OF THE 3RD |
|
Houston Colt .45's batting - Pitching for Madison Brewers : LHP Joel Congleton
|
|
Batting: LHB Gong Tow
|
0-0: Called Strike 0-1: Fly out, F7 (Flyball, 7D, EV 105.0 MPH)
|
|
Batting: RHB Jay Hussey
|
0-0: Called Strike 0-1: Ball 1-1: Ball 2-1: Foul Ball, location: 2F 2-2: Ball 3-2: Foul Ball, location: 2F 3-2: Strikes out looking
|
|
Batting: RHB Luca Graves
|
0-0: Swinging Strike 0-1: Ball 1-1: Ball 2-1: Ball 3-1: Foul Ball, location: 2F 3-2: Foul Ball, location: 2F 3-2: Foul Ball, location: 2F 3-2: Strikes out swinging
|
| Bottom of the 3rd over - 0 runs, 0 hits, 0 errors, 0 left on base; Madison 1 - Houston 0 |
| TOP OF THE 4TH |
|
Madison Brewers batting - Pitching for Houston Colt .45's : LHP Rich Miller
|
|
Batting: RHB Jelani Griffin
|
0-0: Called Strike 0-1: Ball 1-1: Ball 2-1: Foul Ball, location: 2F 2-2: Foul Ball, location: 2F 2-2: Ground out 6-3 (Groundball, 6, EV 105.6 MPH)
|
|
Batting: LHB Bill Kovac
|
0-0: Ball 1-0: Called Strike 1-1: Foul Ball, location: 2F 1-2: Ball 2-2: Ball 3-2: Strikes out swinging
|
|
Batting: RHB Kelan Rae
|
0-0: Ball 1-0: Ball 2-0: Foul Ball, location: 2F 2-1: Called Strike 2-2: Foul Ball, location: 2F 2-2: Ball 3-2: Fly out, F9 (Flyball, 89M, EV 91.2 MPH)
|
| Top of the 4th over - 0 runs, 0 hits, 0 errors, 0 left on base; Madison 1 - Houston 0 |
| BOTTOM OF THE 4TH |
|
Houston Colt .45's batting - Pitching for Madison Brewers : LHP Joel Congleton
|
|
Batting: RHB Jonathan Rausch
|
0-0: DOUBLE (Line Drive, 7LS, EV 92.5 MPH)
|
|
Batting: RHB Ralph Baltimore
|
0-0: Ball 1-0: Called Strike 1-1: Swinging Strike 1-2: Ground out 3-1 (Groundball, 34, EV 85.0 MPH) Jonathan Rausch to third
|
|
Batting: LHB Vecdi Hodensack
|
0-0: Ball 1-0: Ball 2-0: Ground out 6-3 (Groundball, 6, EV 81.2 MPH) Jonathan Rausch scores
|
|
Batting: RHB Doug Dark
|
0-0: Swinging Strike 0-1: Ball 1-1: Ball 2-1: Foul Ball, location: 2F 2-2: Strikes out swinging
|
| Bottom of the 4th over - 1 run, 1 hit, 0 errors, 0 left on base; Madison 1 - Houston 1 |
| TOP OF THE 5TH |
|
Madison Brewers batting - Pitching for Houston Colt .45's : LHP Rich Miller
|
|
Batting: RHB Dave Guevara
|
0-0: Ball 1-0: Ball 2-0: Ball 3-0: Called Strike 3-1: Base on Balls
|
|
Batting: LHB Andy Underwood
|
0-0: Called Strike 0-1: Foul Ball, location: 2F 0-2: Foul Ball, location: 2F 0-2: Ball 1-2: Reached on error, E6 (Groundball, 6, EV 105.6 MPH) Dave Guevara to second
|
|
Pitching: LHP Jordan Garcia
|
|
|
Batting: LHB Ryan Cleveland
|
0-0: Ball 1-0: Ball 2-0: Fielders Choice at 2nd, 6-4 (Groundball, 6, EV 79.4 MPH) Dave Guevara to third
|
|
Batting: RHB Joe Schoonmaker
|
0-0: Swinging Strike 0-1: Foul Ball, location: 2F 0-2: Strikes out looking
|
|
Batting: RHB Malcolm McCauley
|
0-0: Ball 1-0: Ball 2-0: Ball 3-0: Called Strike 3-1: Foul Ball, location: 2F 3-2: Base on Balls Ryan Cleveland to second
|
|
Batting: RHB Cory Taylor
|
0-0: Foul Ball, location: 2F 0-1: Swinging Strike 0-2: Ball 1-2: Ball 2-2: Ball 3-2: Base on Balls Dave Guevara scores Ryan Cleveland to third Malcolm McCauley to second
|
|
Batting: RHB Jelani Griffin
|
0-0: Called Strike 0-1: Foul Ball, location: 2F 0-2: GRAND SLAM HOME RUN (Flyball, 9LD, EV 98.1 MPH), Distance : 360 ft
|
|
Batting: LHB Bill Kovac
|
0-0: Ball 1-0: Ball 2-0: Ball 3-0: Called Strike 3-1: Ground out 6-3 (Groundball, 6, EV 105.0 MPH)
|
| Top of the 5th over - 5 runs, 1 hit, 1 error, 0 left on base; Madison 6 - Houston 1 |
| BOTTOM OF THE 5TH |
|
Houston Colt .45's batting - Pitching for Madison Brewers : LHP Joel Congleton
|
|
Batting: RHB David Snyder
|
0-0: Called Strike 0-1: Ball 1-1: Fly out, F7 (Flyball, 7S, EV 88.8 MPH)
|
|
Batting: RHB Chris Jordan
|
0-0: Called Strike 0-1: Foul Ball, location: 2F 0-2: Ball 1-2: Ball 2-2: Ball 3-2: Strikes out swinging
|
|
Batting: LHB Gong Tow
|
0-0: Called Strike 0-1: Called Strike 0-2: Ball 1-2: Foul Ball, location: 2F 1-2: Strikes out swinging
|
| Bottom of the 5th over - 0 runs, 0 hits, 0 errors, 0 left on base; Madison 6 - Houston 1 |
| TOP OF THE 6TH |
|
Madison Brewers batting - Pitching for Houston Colt .45's : LHP Jordan Garcia
|
|
Batting: RHB Kelan Rae
|
0-0: Swinging Strike 0-1: Ground out 5-3 (Groundball, 56, EV 85.0 MPH)
|
|
Batting: RHB Dave Guevara
|
0-0: Ball 1-0: Swinging Strike 1-1: Foul Ball, location: 2F 1-2: Ball 2-2: Foul Ball, location: 2F 2-2: SOLO HOME RUN (Line Drive, 7D, EV 100.0 MPH), Distance : 374 ft
|
|
Pinch Hitting: RHB Yang-cheng Kui
|
0-0: Called Strike 0-1: Ball 1-1: Ball 2-1: SINGLE (Groundball, 56D, EV 97.5 MPH)
|
|
Pitching: RHP Jason LaPage
|
|
|
Batting: LHB Ryan Cleveland
|
0-0: Called Strike Yang-cheng Kui is caught stealing 2nd base 2-6 0-1: Called Strike 0-2: Strikes out looking
|
| Top of the 6th over - 1 run, 2 hits, 0 errors, 0 left on base; Madison 7 - Houston 1 |
| BOTTOM OF THE 6TH |
|
Houston Colt .45's batting - Pitching for Madison Brewers : LHP Joel Congleton
|
|
Now in RF: Rick Acevedo
|
|
|
Batting: RHB Jay Hussey
|
0-0: Ball 1-0: Ground out 6-3 (Groundball, 6, EV 106.9 MPH)
|
|
Pitching: RHP Silvian Mans
|
|
|
Batting: RHB Luca Graves
|
0-0: Swinging Strike 0-1: Swinging Strike 0-2: Foul Ball, location: 2F 0-2: Fly out, F7 (Flyball, 7LSF, EV 91.9 MPH)
|
|
Batting: RHB Jonathan Rausch
|
0-0: Ball 1-0: Called Strike 1-1: Called Strike 1-2: Ball 2-2: Ball 3-2: Base on Balls
|
|
Batting: RHB Ralph Baltimore
|
0-0: DOUBLE (Line Drive, 7LM, EV 90.0 MPH) Jonathan Rausch to third
|
|
Batting: LHB Vecdi Hodensack
|
0-0: Fly out, F8 (Flyball, 8LXD, EV 106.2 MPH)
|
| Bottom of the 6th over - 0 runs, 1 hit, 0 errors, 2 left on base; Madison 7 - Houston 1 |
| TOP OF THE 7TH |
|
Madison Brewers batting - Pitching for Houston Colt .45's : RHP Jason LaPage
|
|
Batting: RHB Joe Schoonmaker
|
0-0: Swinging Strike 0-1: Ball 1-1: Ball 2-1: Ball 3-1: Base on Balls
|
|
Batting: RHB Malcolm McCauley
|
0-0: Ball 1-0: Foul Ball, location: 2F 1-1: Swinging Strike 1-2: Ball 2-2: Ball 3-2: Base on Balls Joe Schoonmaker to second
|
|
Batting: RHB Cory Taylor
|
0-0: Ball 1-0: Foul Ball, location: 2F 1-1: Fly out, F9 (Line Drive, 9, EV 105.0 MPH)
|
|
Batting: RHB Jelani Griffin
|
0-0: Ball 1-0: Ball 2-0: Foul Ball, location: 2F 2-1: Swinging Strike 2-2: Foul Ball, location: 2F 2-2: Foul Ball, location: 2F 2-2: Foul Ball, location: 2F 2-2: Ball 3-2: Base on Balls Joe Schoonmaker to third Malcolm McCauley to second
|
|
Batting: LHB Bill Kovac
|
0-0: Ball 1-0: Called Strike 1-1: Called Strike 1-2: Ball 2-2: Ball 3-2: Fly out, F8 (Flyball, 8RXD, EV 91.2 MPH) Runner from 3rd tags up, SCORES, no throw by CF Malcolm McCauley to third
|
|
Pinch Hitting: LHB Jackson Wither
|
0-0: Ball 1-0: Ball 2-0: Called Strike 2-1: Called Strike 2-2: Ball 3-2: Foul Ball, location: 2F 3-2: Foul Ball, location: 2F 3-2: Foul Ball, location: 2F 3-2: Ground out 3-1 (Groundball, 34S, EV 85.0 MPH)
|
| Top of the 7th over - 1 run, 0 hits, 0 errors, 2 left on base; Madison 8 - Houston 1 |
| BOTTOM OF THE 7TH |
|
Houston Colt .45's batting - Pitching for Madison Brewers : RHP Silvian Mans
|
|
Now at 2B: Jackson Wither
|
|
|
Batting: RHB Doug Dark
|
0-0: Ball 1-0: SINGLE (Line Drive, 7S, EV 105.0 MPH)
|
|
Batting: RHB David Snyder
|
0-0: Ball 1-0: Ball 2-0: Called Strike 2-1: Called Strike 2-2: Foul Ball, location: 2F 2-2: Ball 3-2: Grounds into double play, 6-4-3 (Groundball, 6M, EV 88.8 MPH)
|
|
Batting: RHB Devon Healy
|
0-0: Ground out 6-3 (Groundball, 6, EV 100.6 MPH)
|
| Bottom of the 7th over - 0 runs, 1 hit, 0 errors, 0 left on base; Madison 8 - Houston 1 |
| TOP OF THE 8TH |
|
Madison Brewers batting - Pitching for Houston Colt .45's : RHP Jason LaPage
|
|
Pitching: LHP Jared Simmers
|
|
|
Batting: RHB Dave Guevara
|
0-0: Ball 1-0: Ball 2-0: Ball 3-0: Base on Balls
|
|
Batting: RHB Rick Acevedo
|
0-0: SINGLE (Groundball, 6MD, EV 101.2 MPH) Dave Guevara to second
|
|
Pinch Hitting: RHB Ivan Rivera
|
0-0: Called Strike 0-1: Called Strike 0-2: 3-RUN HOME RUN (Flyball, 7D, EV 102.5 MPH), Distance : 387 ft
|
|
Batting: RHB Joe Schoonmaker
|
0-0: Called Strike 0-1: Ball 1-1: Ball 2-1: Swinging Strike 2-2: Ball 3-2: Foul Ball, location: 2F 3-2: Strikes out swinging
|
|
Batting: RHB Malcolm McCauley
|
0-0: Called Strike 0-1: Foul Ball, location: 2F 0-2: Ball 1-2: Foul Ball, location: 2F 1-2: Fly out, F8 (Line Drive, 8LM, EV 86.2 MPH)
|
|
Batting: RHB Cory Taylor
|
0-0: Called Strike 0-1: Ball 1-1: Ball 2-1: Ball 3-1: Base on Balls
|
|
Pitching: RHP Howard Hoult
|
|
|
Batting: RHB Jelani Griffin
|
0-0: Called Strike 0-1: Ball 1-1: Ball 2-1: Foul Ball, location: 2F 2-2: Foul Ball, location: 2F 2-2: Ball 3-2: Reached on error, E6 (Groundball, 6D, EV 86.9 MPH) Cory Taylor to second
|
|
Batting: LHB Bill Kovac
|
0-0: Foul Ball, location: 2F 0-1: Ground out 1-3 (Groundball, 13S, EV 73.1 MPH)
|
| Top of the 8th over - 3 runs, 2 hits, 1 error, 2 left on base; Madison 11 - Houston 1 |
| BOTTOM OF THE 8TH |
|
Houston Colt .45's batting - Pitching for Madison Brewers : RHP Silvian Mans
|
|
Now at 1B: Franklin van den Berg
|
|
|
Batting: LHB Gong Tow
|
0-0: Ball 1-0: SINGLE (Groundball, 6, EV 95.0 MPH)
|
|
Batting: RHB Jay Hussey
|
0-0: Foul Ball, location: 2F 0-1: Foul Ball, location: 2F 0-2: Ball 1-2: Fly out, F9 (Flyball, 9S, EV 78.8 MPH)
|
|
Batting: RHB Luca Graves
|
0-0: Ball 1-0: Called Strike 1-1: Ball 2-1: Fly out, F8 (Flyball, 8RXD, EV 103.1 MPH)
|
|
Batting: RHB Jonathan Rausch
|
0-0: Called Strike 0-1: Swinging Strike 0-2: Ball 1-2: Ball 2-2: Strikes out swinging
|
| Bottom of the 8th over - 0 runs, 1 hit, 0 errors, 1 left on base; Madison 11 - Houston 1 |
| TOP OF THE 9TH |
|
Madison Brewers batting - Pitching for Houston Colt .45's : RHP Howard Hoult
|
|
Batting: LHB Jackson Wither
|
0-0: Ball 1-0: Called Strike 1-1: Foul Ball, location: 2F 1-2: Ball 2-2: Strikes out swinging
|
|
Pinch Hitting: LHB Danny Roberts
|
0-0: Called Strike 0-1: Ball 1-1: Ball 2-1: Ball 3-1: Ground out 3-1 (Groundball, 34S, EV 75.6 MPH)
|
|
Batting: RHB Rick Acevedo
|
0-0: Called Strike 0-1: Foul Ball, location: 2F 0-2: Ball 1-2: Foul Ball, location: 2F 1-2: Strikes out swinging
|
| Top of the 9th over - 0 runs, 0 hits, 0 errors, 0 left on base; Madison 11 - Houston 1 |
| BOTTOM OF THE 9TH |
|
Houston Colt .45's batting - Pitching for Madison Brewers : RHP Silvian Mans
|
|
Pitching: RHP Matt Stearns
|
|
|
Now at SS: Alejandro Collazo
|
|
|
Batting: RHB Ralph Baltimore
|
0-0: Called Strike 0-1: Ball 1-1: Swinging Strike 1-2: Ball 2-2: Strikes out looking
|
|
Batting: LHB Vecdi Hodensack
|
0-0: Called Strike 0-1: Ball 1-1: Ground out U3 (Groundball, 3L, EV 108.1 MPH)
|
|
Batting: RHB Doug Dark
|
0-0: Swinging Strike 0-1: SINGLE (Flyball, 7LS, EV 96.9 MPH)
|
|
Batting: RHB David Snyder
|
0-0: Ball 1-0: Ball 2-0: Ball 3-0: Called Strike 3-1: Base on Balls Doug Dark to second
|
|
Batting: RHB Devon Healy
|
0-0: Foul Ball, location: 2F 0-1: Fly out, F9 (Flyball, 9, EV 95.6 MPH)
|
| Bottom of the 9th over - 0 runs, 1 hit, 0 errors, 2 left on base; Madison 11 - Houston 1 |
|